Map: Dusk Towers

Players

CheeseLegs

  • Race: Zerg Zerg
  • League: Master

Miszu - Winner!

  • Race: Terran Terran
  • League: Grandmaster

VOD

Have the link to the VOD?

Description

Time

  • Played on: Feb. 22, 2016, 6:34 p.m.
  • Length: 35:12
Show
View Real Time Build Order
Export as new Build Order

CheeseLegs Zerg 

Build Orders: Hatch First 

Get SALT Encoding   

  12  0:00  Drone  
  13  0:12  Overlord  
  13  0:19  Drone  
  14  0:31  Drone x2  
  14  0:35  Drone  
  17  0:54  Hatchery  
  17  0:55  Drone  
  17  0:59  Drone  
  18  1:12  Spawning Pool  
  18  1:14  Drone  
  18  1:18  Drone  
  19  1:28  Drone  
  20  1:42  Hatchery  
  19  1:47  Drone  
  19  1:50  Drone  
  21  2:00  Drone  
  22  2:05  Queen  
  24  2:08  Queen  
  26  2:18  Zergling x4  
  26  2:22  Overlord, Extractor  
  27  2:26  Drone  
  28  2:54  Drone x5  
  28  2:55  Drone  
  28  2:58  Queen x2  
  38  3:13  Drone x2  
  38  3:14  Drone x2  
  38  3:17  Overlord  
  38  3:19  Overlord  
  42  3:34  Queen  
  42  3:39  Drone  
  42  3:40  Drone x8  
  53  3:51  Roach Warren  
  52  3:57  Spine Crawler  
  51  4:08  Overlord x2, Drone x7  
  51  4:09  Overlord  
  58  4:16  Extractor x2, Lair  
  56  4:23  Spore Crawler  
  55  4:25  Spore Crawler  
  55  4:26  Spore Crawler  
  53  4:31  Roach x2  
  53  4:32  Roach  
  53  4:33  Drone x3  
  62  4:48  Drone x8  
  62  4:49  Drone x2  
  72  4:53  Queen  
  74  5:08  Overlord x2  
  74  5:09  Roach x4  
  74  5:13  Glial Reconstitution  
  82  5:17  Overseer  
  82  5:23  Overlord x3  
  82  5:34  Drone x7  
  82  5:35  Drone  
  90  5:47  Extractor  
  90  5:48  Drone x8, Evolution Chamber  
  90  5:49  Infestation Pit  
  95  5:50  Evolution Chamber  
  94  5:58  Extractor  
  94  5:59  Extractor  
  94  6:02  Ravager  
  94  6:03  Ravager x3  
  96  6:05  Roach  
  96  6:07  Drone x3  
  96  6:08  Drone  
  102  6:17  Zerg Missile Weapons Level 1  
  102  6:28  Hatchery  
  101  6:35  Roach x10  
  121  6:41  Hatchery  
  120  7:07  Zerg Ground Armor Level 1  
  120  7:08  Overlord x10  
  116  7:19  Drone  
  116  7:20  Pathogen Glands, Spore Crawler, Drone x2  
  116  7:21  Hive  
  118  7:24  Spore Crawler  
  117  7:33  Roach  
  117  7:34  Roach x8  
  135  7:45  Ravager x2  
  135  7:46  Ravager, Roach x3  
  135  7:47  Roach x3  
  150  7:59  Drone  
  150  8:00  Drone x7  
  158  8:09  Ravager x5  
  163  8:33  Roach x17  
  192  8:45  Queen  
  192  8:46  Drone x5  
  192  8:47  Drone x2  
  188  8:58  Roach  
  188  8:59  Roach x11  
  200  9:10  Ultralisk Cavern  
  199  9:20  Extractor x2  
  199  9:22  Zerg Melee Weapons Level 1  
  199  9:23  Zerg Ground Armor Level 2  
  197  9:28  Hatchery  
  142  9:46  Roach x14  
  142  9:50  Drone  
  171  9:54  Metabolic Boost  
  144  10:14  Roach x2  
  144  10:15  Roach x14  
  176  10:24  Roach  
  176  10:25  Roach  
  180  10:34  Zergling x16  
  180  10:35  Chitinous Plating  
  168  11:00  Ultralisk x3  
  168  11:01  Zergling x8  
  168  11:02  Zergling x12  
  192  11:13  Adrenal Glands  
  128  11:34  Ultralisk x4  
  128  11:36  Zergling x16  
  160  11:52  Ultralisk  
  159  12:07  Spire  
  146  12:09  Extractor, Ultralisk  
  146  12:11  Extractor  
  143  12:40  Ultralisk x4  
  146  12:59  Ultralisk x2  
  146  13:01  Zergling x22  
  169  13:08  Drone x4  
  169  13:09  Drone x2  
  169  13:11  Spore Crawler  
  174  13:30  Drone x4  
  174  13:31  Drone x3  
  174  13:32  Zerg Melee Weapons Level 2, Zerg Ground Armor Level 3  
  180  13:51  Corruptor x4  
  188  14:13  Corruptor x5  
  198  14:29  Hatchery  
  192  15:00  Spire  
  192  15:03  Hatchery  
  192  15:06  Ultralisk  
  186  15:23  Infestor x4  
  186  15:24  Infestor x3  
  194  15:37  Drone  
  195  15:53  Spine Crawler  
  195  15:54  Zerg Melee Weapons Level 3  
  194  16:10  Hatchery  
  193  16:24  Greater Spire  
  193  16:27  Spine Crawler  
  193  16:29  Spine Crawler  
  191  16:33  Extractor  
  191  16:35  Extractor  
  191  16:36  Spore Crawler  
  191  16:37  Spore Crawler  
  187  17:05  Spine Crawler  
  187  17:08  Spine Crawler  
  185  17:10  Spine Crawler  
  184  17:18  Spine Crawler x2  
  184  17:19  Spine Crawler x2  
  178  17:37  Spore Crawler  
  178  17:40  Spore Crawler  
  176  17:47  Spore Crawler  
  176  17:48  Zerg Flyer Weapons Level 1  
  174  17:54  Spore Crawler  
  174  17:55  Spore Crawler x2  
  169  18:18  Brood Lord x9  
  187  18:25  Hatchery  
  186  18:36  Corruptor x7  
  186  18:37  Spore Crawler  
  186  18:38  Spore Crawler  
  186  18:39  Spore Crawler  
  186  18:40  Spore Crawler  
  196  18:52  Extractor  
  196  18:53  Extractor  
  194  19:09  Drone x3  
  197  19:10  Drone x2  
  199  20:04  Spore Crawler  
  199  20:05  Spore Crawler  
  199  20:06  Spore Crawler x2  
  195  20:08  Spore Crawler  
  179  20:39  Corruptor x12  
  197  20:57  Drone x2  
  199  21:04  Spore Crawler  
  199  21:08  Zerg Flyer Weapons Level 2  
  199  21:09  Spore Crawler  
  199  21:10  Spore Crawler x2  
  199  21:11  Spore Crawler x2  
  189  21:25  Brood Lord x4  
  197  21:47  Drone  
  197  21:48  Drone  
  195  22:24  Viper  
  198  23:04  Drone x2  
  196  23:42  Viper  
  199  24:33  Zerg Flyer Weapons Level 3  
  199  25:56  Overseer x5  
  199  25:57  Overseer x2  
  199  26:02  Pneumatized Carapace  
  177  26:57  Drone x4  
  177  26:58  Drone x2  
  181  27:12  Viper x4  
  181  27:13  Viper x2  
  199  27:31  Spore Crawler  
  198  28:08  Zerg Flyer Armor Level 1  
  198  28:47  Drone x2  
  200  29:27  Spore Crawler  
  199  29:39  Spore Crawler x2  
  199  29:41  Spore Crawler  
  196  30:12  Zerg Flyer Armor Level 2  
  147  31:17  Brood Lord x5  
  149  31:28  Brood Lord x10  
  130  32:02  Corruptor  
  130  32:03  Corruptor x20  
  156  32:45  Brood Lord x5  
  156  32:46  Brood Lord x10  
  186  33:03  Drone x6  
  186  33:04  Drone x3  
  195  33:24  Spore Crawler  
Show
View Real Time Build Order
Export as new Build Order

Miszu Terran - Winner!

Build Orders: Bio Tank 

Get SALT Encoding   

  12  0:00  SCV  
  13  0:13  SCV  
  14  0:17  Supply Depot  
  14  0:25  SCV  
  15  0:39  SCV  
  16  0:45  Barracks  
  16  0:47  Refinery  
  16  0:51  SCV  
  17  1:03  SCV  
  18  1:15  SCV  
  19  1:27  SCV  
  20  1:32  Reaper  
  20  1:39  Orbital Command  
  21  1:42  Command Center  
  21  2:00  Supply Depot  
  21  2:05  SCV  
  21  2:06  Barracks Reactor  
  22  2:17  SCV  
  23  2:25  Factory  
  23  2:29  SCV  
  24  2:38  Command Center  
  24  2:41  SCV  
  25  2:52  Marine x2  
  25  2:53  SCV  
  25  2:54  Orbital Command  
  28  3:05  SCV  
  28  3:17  SCV  
  28  3:18  Barracks Tech Lab  
  33  3:20  Hellion x2  
  33  3:21  SCV  
  33  3:26  Refinery  
  34  3:30  SCV  
  34  3:34  SCV  
  36  3:36  Marine  
  36  3:37  Stimpack  
  37  3:41  Supply Depot  
  37  3:42  SCV  
  37  3:46  SCV  
  39  3:51  Factory Reactor  
  39  3:53  Barracks  
  39  3:54  SCV  
  39  3:55  Orbital Command  
  40  3:57  Barracks  
  40  3:58  SCV  
  40  3:59  Marine  
  42  4:06  SCV  
  43  4:10  SCV  
  43  4:16  Refinery x2, Marine  
  44  4:18  SCV  
  44  4:22  SCV  
  48  4:25  Engineering Bay x2  
  48  4:30  SCV  
  49  4:34  Marine, SCV, Orbital Command  
  50  4:39  Factory Reactor  
  50  4:41  Starport  
  50  4:42  SCV  
  50  4:45  Marine x2  
  52  4:46  SCV  
  52  4:47  Marine x2  
  52  4:52  Terran Infantry Weapons Level 1  
  56  4:53  Supply Depot, Terran Infantry Armor Level 1  
  56  4:54  SCV  
  56  4:58  SCV  
  58  5:02  Supply Depot  
  58  5:04  SCV  
  58  5:06  SCV  
  60  5:08  Marine x2  
  60  5:09  Marine  
  60  5:10  SCV  
  60  5:12  Marine x2  
  66  5:16  Supply Depot, SCV  
  66  5:18  SCV  
  68  5:22  SCV  
  68  5:26  Marine x2  
  68  5:27  Marine, Medivac x2  
  76  5:29  Factory Tech Lab  
  76  5:30  Marine x2  
  76  5:33  Supply Depot  
  76  5:41  Combat Shields  
  74  5:44  Marine x3, SCV  
  74  5:45  SCV  
  74  5:48  SCV  
  74  5:49  Marauder  
  82  5:56  Marine, SCV  
  84  5:57  SCV  
  84  5:58  Siege Tank  
  84  6:00  SCV  
  89  6:07  Marine x3  
  89  6:08  Medivac  
  89  6:09  SCV x2  
  96  6:12  Supply Depot, SCV  
  96  6:15  Armory  
  97  6:21  Refinery, SCV x2  
  99  6:26  Barracks  
  99  6:28  Barracks  
  99  6:31  Marauder  
  101  6:33  Marine, Siege Tank  
  104  6:40  Marine  
  104  6:44  SCV  
  104  6:45  Factory, SCV x2  
  104  6:46  Refinery  
  108  6:56  SCV  
  108  6:59  Supply Depot  
  109  7:01  Marine x2  
  109  7:02  Marine, Marauder  
  109  7:06  Supply Depot  
  114  7:09  Marine  
  114  7:18  Barracks Tech Lab x2  
  114  7:23  Marauder, Medivac, Siege Tank  
  114  7:25  Supply Depot  
  114  7:26  Terran Vehicle Weapons Level 1  
  114  7:27  Terran Infantry Armor Level 2, Terran Infantry Weapons Level 2  
  114  7:29  Factory Tech Lab  
  121  7:32  Supply Depot  
  121  7:33  Supply Depot  
  121  7:36  Marine  
  121  7:37  Marine, Marauder  
  124  7:38  Medivac, Marauder  
  124  7:39  Marine  
  130  7:44  Marauder  
  130  7:45  Marine  
  130  7:49  Siege Tank  
  130  7:51  Concussive Shells  
  138  7:58  Marauder  
  138  8:01  Marauder  
  138  8:04  Marine x4  
  138  8:05  Medivac, Siege Tank  
  147  8:06  Marauder  
  151  8:14  Supply Depot  
  153  8:20  Command Center, Marauder  
  153  8:21  Marine  
  153  8:22  Marauder  
  155  8:35  Marine, Marauder  
  155  8:38  Siege Tank x2  
  155  8:40  Medivac  
  160  8:48  Marine  
  160  8:49  Marauder  
  145  8:55  Marine, Marauder  
  145  8:56  Marine x2, Marauder  
  145  9:06  Marine  
  146  9:10  Marine, Medivac, Siege Tank  
  146  9:13  Marine  
  146  9:14  Supply Depot, Marine x2  
  146  9:16  Supply Depot x2, Marine  
  156  9:17  Marine  
  156  9:19  Siege Tank  
  160  9:24  Marine  
  160  9:27  Marine  
  155  9:31  Marine  
  155  9:32  Marine x2  
  155  9:34  Marine  
  155  9:35  Marine  
  146  9:42  Marine  
  140  9:46  Marauder  
  140  9:49  Marine x2, Medivac x2, Siege Tank  
  140  9:51  Siege Tank  
  156  9:52  Marauder  
  156  9:53  Marauder  
  156  9:55  Terran Infantry Weapons Level 3  
  158  10:02  Liberator  
  154  10:07  Marauder  
  148  10:14  Marauder x2  
  153  10:21  Siege Tank  
  153  10:27  Marine  
  157  10:29  Marauder  
  157  10:34  Liberator  
  159  10:39  Marine, Marauder  
  159  10:49  Marauder  
  152  10:50  Marine x3, Marauder  
  152  10:51  Siege Tank  
  152  10:57  Marine  
  156  11:00  Marine  
  161  11:04  Siege Tank  
  161  11:07  Marine  
  161  11:08  Marine x2  
  161  11:10  Barracks, Marauder  
  161  11:11  Starport, Marauder  
  169  11:12  Barracks x2  
  169  11:14  Marine  
  169  11:18  Marine  
  145  11:19  Liberator x2  
  145  11:21  SCV  
  145  11:25  Marine  
  135  11:26  Marine x2  
  135  11:31  Marauder  
  135  11:32  Marine  
  138  11:33  Marauder  
  138  11:34  Siege Tank  
  138  11:36  Marauder  
  149  11:42  Terran Infantry Armor Level 3  
  149  11:43  Marine x2  
  149  11:44  Marine  
  152  11:50  Marine  
  152  11:52  Marine  
  152  11:54  Marine  
  154  11:57  Marine  
  154  12:01  Marine x3  
  140  12:02  Liberator x2  
  140  12:04  Liberator  
  140  12:08  Marine  
  134  12:10  Marine  
  134  12:12  Marine x3, Marauder  
  134  12:15  Marine  
  141  12:19  Marine x3  
  153  12:25  Refinery  
  153  12:26  Refinery, Marine  
  153  12:28  Marauder  
  156  12:30  Marine x3  
  156  12:33  Marauder  
  150  12:45  Liberator x2  
  128  13:01  Planetary Fortress  
  128  13:02  Marine x2  
  128  13:03  Marine x5  
  128  13:04  Command Center  
  144  13:23  Barracks Tech Lab x2, Ghost Academy  
  144  13:24  Barracks Tech Lab  
  144  13:28  Liberator x2  
  144  13:32  Starport Tech Lab  
  144  13:34  Fusion Core  
  141  13:35  Marauder  
  141  13:36  Marauder x2  
  141  13:38  Liberator  
  147  13:43  Marauder  
  147  13:44  Marauder  
  160  13:56  Marauder, Ghost  
  160  13:57  Marauder  
  166  14:10  Liberator x2  
  169  14:18  Marauder x3  
  178  14:24  Ghost  
  178  14:29  Ghost x2  
  124  14:38  Liberator  
  184  14:39  Ghost x2  
  182  15:10  Ghost x2  
  185  15:27  Command Center  
  180  15:38  Marauder, Ghost  
  180  15:40  Ghost  
  174  15:43  Ghost x3  
  171  15:54  Advanced Ballistics  
  171  15:57  Liberator  
  171  15:59  Ghost  
  173  16:06  Ghost  
  173  16:09  Ghost  
  177  16:12  Ghost x3  
  186  16:19  Liberator  
  186  16:22  Sensor Tower  
  186  16:38  Ghost x2  
  193  16:42  Medivac  
  195  16:56  Refinery  
  195  16:57  Medivac, Liberator  
  195  16:59  Refinery  
  197  17:11  Planetary Fortress  
  197  17:15  Sensor Tower  
  200  17:41  Ghost  
  199  17:46  SCV  
  194  17:53  Command Center  
  192  17:58  Ghost  
  192  17:59  Ghost x3  
  188  18:18  Personal Cloaking  
  188  18:20  Terran Ship Weapons Level 1  
  194  18:29  Ghost x4  
  194  18:30  Ghost  
  198  18:42  Command Center  
  198  18:50  Building Armor  
  198  19:04  Command Center  
  198  19:06  Command Center  
  198  19:11  Command Center  
  198  19:23  Ghost  
  200  19:31  Command Center  
  200  19:32  Orbital Command  
  200  19:36  Command Center  
  200  20:24  Sensor Tower  
  187  20:44  Orbital Command x2  
  187  20:48  Ghost x3  
  187  20:49  Ghost  
  197  20:50  Orbital Command  
  197  20:55  Orbital Command  
  193  21:27  Orbital Command  
  187  21:41  Command Center  
  187  21:54  Planetary Fortress  
  187  22:01  Missile Turret  
  187  22:02  Missile Turret  
  187  22:04  Command Center  
  187  22:11  Refinery  
  187  22:28  Missile Turret  
  187  22:38  Ghost Academy x2, Missile Turret x2  
  187  22:40  Ghost Academy, Missile Turret  
  187  22:41  Refinery  
  187  22:43  Ghost Academy  
  187  22:54  Orbital Command  
  187  23:15  Refinery  
  187  23:16  Refinery, Missile Turret  
  187  23:17  Missile Turret x2  
  187  23:25  Terran Ship Weapons Level 2  
  187  23:28  Hi-Sec Auto Tracking  
  187  23:34  Orbital Command  
  187  23:43  Nuke x2  
  187  23:45  Missile Turret  
  187  23:46  Nuke, Missile Turret  
  187  23:52  Planetary Fortress  
  187  24:06  Missile Turret  
  187  24:09  Command Center  
  185  24:42  Missile Turret  
  185  24:43  Missile Turret  
  185  24:55  Nuke x2  
  185  24:58  Nuke  
  185  25:38  Nuke  
  185  25:42  Terran Vehicle And Ship Armor Level 1  
  183  25:48  Ghost x2  
  187  26:02  Ghost x4  
  195  26:06  Nuke  
  195  26:16  Ghost  
  195  26:17  Ghost  
  199  26:28  Nuke x2  
  199  26:30  Ghost  
  189  26:51  Ghost x4  
  197  27:10  Nuke x2  
  195  27:26  Ghost  
  195  27:27  Ghost  
  199  27:32  Ghost Academy x3  
  199  27:34  Ghost Academy  
  199  28:34  Nuke x4  
  199  29:05  Planetary Fortress  
  199  29:32  Refinery x2  
  199  29:35  Missile Turret  
  179  31:17  Ghost  
  179  31:18  Ghost x4  
  171  31:26  Ghost  
  171  31:46  Ghost x3  
  163  32:15  Ghost  
  163  32:16  Ghost x5  
  173  32:42  Liberator x3  
  171  32:44  Ghost x6  
  189  33:12  Ghost  
  189  33:13  Ghost x4  
  199  33:25  Liberator  
Tags
 
Add a new tag
Caveats
  • Supply blocks, unpowered buildings, or Contaminate may cause inaccurate times.
  • Supply counts are checked every 10 seconds.